 Dungeon Crawl Stone Soup version 0.19.1-1-g22dce08 (webtiles) character file.

31 Alarkh the Chopper (level 3, 27/27 HPs)
             Began as a Demonspawn Skald on Jan 4, 2017.
             Got out of the dungeon alive.
             The game lasted 00:00:52 (678 turns).

Alarkh the Chopper (Demonspawn Skald)                Turns: 678, Time: 00:00:52

Health: 27/27      AC:  4    Str: 12    XL:     3   Next: 7%
Magic:  6/6        EV: 11    Int: 14    God:
Gold:   61         SH:  0    Dex: 12    Spells: 1 memorised, 5 levels left

rFire  . . .     SeeInvis .     a - +0 hand axe
rCold  . . .     Gourm    .     b - +1 leather armour
rNeg   . . .     Faith    .     (no shield)
rPois  .         Spirit   .     (no helmet)
rElec  .         Reflect  .     (no cloak)
rCorr  +         Harm     .     (no gloves)
MR     .....                    (no boots)
Stlth  +.........               j - amulet of inaccuracy (curse)
                                (no ring)
                                e - ring of resist corrosion

@: no status effects
A: hooves 1, powered by death 1
a: no special abilities


You escaped.
You were not hungry.

You visited 1 branch of the dungeon, and saw 1 of its levels.

You collected 61 gold pieces.

Inventory:

Hand Weapons
 a - a +0 hand axe (weapon)
Armour
 b - a +1 leather armour (worn)
Jewellery
 e - a ring of resist corrosion (left hand)
 j - a cursed amulet of inaccuracy (around neck)
Scrolls
 i - a scroll of enchant armour
Potions
 g - a potion of haste
Books
 c - a book of Battle

   Spells                             Type                      Level
   a - Infusion                       Charms                       1
   b - Shroud of Golubria             Charms/Translocation         2
   c - Song of Slaying                Charms                       2
   d - Spectral Weapon                Hexes/Charms                 3
   e - Regeneration                   Charms/Necromancy            3
Comestibles
 d - a bread ration
 f - 7 chunks of flesh


   Skills:
 - Level 2.0 Fighting
 + Level 3.2 Axes
 - Level 0.8 Armour
 - Level 0.8 Dodging
 - Level 2.0 Spellcasting
 - Level 2.6 Charms


You had 5 spell levels left.
You knew the following spells:

 Your Spells              Type           Power        Failure   Level  Hunger
a - Infusion              Chrm           #...         12%         1    ##.....


Dungeon Overview and Level Annotations

Branches:
Dungeon (1/15)

Altars:


Innate Abilities, Weirdness & Mutations

You have large cloven feet.
You regenerate a little health from kills.


Message History

You closely miss the dart slug.
You kick the dart slug, but do no damage.
The dart slug is heavily wounded.
You hit the plant but do no damage. You barely miss the plant.
The dart slug barely misses you.
You slash the dart slug!
You kill the dart slug!
You hit the plant but do no damage. x2
You see here a dart slug corpse.
No target in view!
f - 15 chunks of flesh (gained 2) Some of the chunks of flesh in your inventory have rotted away.
You open the door.
There is an open door here.
Some of the chunks of flesh in your inventory have rotted away.
Some of the chunks of flesh in your inventory have rotted away.
There is a dry fountain here.
There is a staircase leading out of the dungeon here.
Are you sure you want to leave the Dungeon?
This will make you lose the game!
You have escaped!

###......................###
##...##.####.####.####.##...##
#..###...##...##...##...###..#
###.## #.⌠.##.⌠.##.⌠.##.⌠.# ##.#
.##.####...##...##...##...####.#
.##...###.####.####.####.###...#
.##.⌠.###.####.####.####.###.⌠.#
.##.........................)..#
.###.##.........@..........##.##
.##............................#
.##.⌠.###.####.####.####.###(⌠.#
.##...###.####.####.####.###(..#
.##.####...##...##...##...####(#
###.## #.⌠.##.⌠.##.⌠.##.⌠.# ##.#
# #..###...##...##...##...###..#
####....#.####.####.####.##...##
.# ###......................###


There were no monsters in sight!

Vanquished Creatures
  4 dart slugs (D:1)
  A leopard gecko (D:1)
  2 bats (D:1)
  A giant cockroach (D:1)
  2 goblins (D:1)
  3 hobgoblins (D:1)
  2 frilled lizards (D:1)
  4 kobolds (D:1)
  2 rats (D:1)
21 creatures vanquished.

Notes
Turn   | Place    | Note
-------+----------+-------------------------------------------
     0 | D:1      | Alarkh the Demonspawn Skald began the quest for the Orb.
     0 | D:1      | Reached XP level 1. HP: 16/16 MP: 3/3
    66 | D:1      | Reached skill level 2 in Axes
   396 | D:1      | Gained mutation: You have large cloven feet. [demonic ancestry]
   396 | D:1      | Reached XP level 2. HP: 22/22 MP: 0/5
   532 | D:1      | Reached skill level 3 in Axes
   546 | D:1      | Gained mutation: You regenerate a little health from kills. [demonic ancestry]
   546 | D:1      | Reached XP level 3. HP: 19/27 MP: 1/6
   678 | D:$      | Got out of the dungeon alive.

Skill      XL: |  1  2 |
---------------+-------+-----
Axes           | 2 3 |  3.2
Fighting       | |  2.0
Armour         | |  0.8
Dodging        | |  0.8
Spellcasting   | |  2.0
Charms         | |  2.6

Action                   || total
-------------------------++-------
Melee: Hand axe          ||    63
       Kick              ||     8
 Cast: Infusion          ||     9
  Use: Scroll            ||     2
Armor: Leather armour    ||    27
Dodge: Dodged            ||    39
